Map: Lost and Found LE

Players

Jason - Winner!

  • Race: Terran Terran
  • League: Grandmaster
  • Spawn Location: 1:00

Rob

  • Race: Protoss Protoss
  • League: Grandmaster
  • Spawn Location: 7:00

VOD

Have the link to the VOD?

Description

Time

  • Played on: May 14, 2019, 10:52 a.m.
  • Length: 14:57
Show
View Real Time Build Order
Export as new Build Order

Jason Terran - Winner!

Build Orders: Gas First Reaper Expand 

Get SALT Encoding   

  12  0:00  SCV  
  13  0:12  SCV  
  14  0:17  Supply Depot  
  14  0:25  SCV  
  14  0:27  Refinery  
  15  0:39  SCV  
  16  0:44  Barracks  
  16  0:51  SCV  
  17  1:03  SCV  
  18  1:15  SCV  
  19  1:32  Reaper, Orbital Command  
  20  1:47  Command Center  
  20  1:57  Factory  
  20  2:02  SCV  
  21  2:12  Barracks Reactor  
  21  2:14  SCV  
  21  2:15  Supply Depot  
  22  2:22  Refinery  
  22  2:26  SCV  
  23  2:38  SCV  
  26  2:46  Starport  
  26  2:49  Marine x2  
  26  2:52  Widow Mine  
  26  2:54  SCV  
  29  2:59  Orbital Command  
  29  3:07  Marine x2  
  31  3:14  SCV  
  31  3:15  Widow Mine  
  34  3:25  SCV, Medivac  
  37  3:27  SCV  
  37  3:29  Marine  
  37  3:30  Supply Depot  
  37  3:31  Marine  
  40  3:37  SCV  
  40  3:41  Factory Tech Lab  
  41  3:43  SCV  
  41  3:46  Barracks  
  42  3:51  Bunker  
  42  3:53  SCV  
  43  3:59  Starport Tech Lab  
  43  4:00  Barracks  
  43  4:01  SCV  
  44  4:03  Marine  
  44  4:06  Marine  
  46  4:11  SCV  
  46  4:13  SCV  
  48  4:18  Engineering Bay  
  48  4:20  Widow Mine  
  48  4:23  SCV  
  51  4:25  SCV  
  51  4:27  Starport Reactor  
  51  4:28  Refinery  
  51  4:32  Marine  
  51  4:35  SCV  
  51  4:38  SCV  
  53  4:46  Marine  
  54  5:00  SCV, Supply Depot, Marine  
  54  5:01  Terran Infantry Weapons Level 1  
  54  5:04  SCV  
  54  5:06  Combat Shield  
  57  5:07  Marauder, Stimpack  
  57  5:12  SCV, Missile Turret  
  57  5:14  Marauder, Marine  
  59  5:16  SCV  
  59  5:18  Factory Reactor  
  62  5:24  SCV  
  62  5:28  SCV  
  64  5:29  Marine  
  64  5:30  Marauder, Medivac  
  64  5:31  Marine  
  70  5:36  Supply Depot  
  70  5:40  SCV x2, Medivac  
  70  5:42  Marine  
  75  5:46  Supply Depot  
  75  5:48  Marine  
  76  5:51  Marauder  
  76  5:55  Supply Depot  
  78  5:57  Supply Depot  
  78  5:58  SCV x2, Marine  
  78  6:02  Supply Depot  
  81  6:06  Marine  
  81  6:07  Marauder  
  81  6:08  Widow Mine x2  
  88  6:11  Medivac  
  88  6:17  SCV x2  
  88  6:18  Marine  
  93  6:19  Marauder  
  93  6:24  Marine  
  93  6:25  Concussive Shells  
  96  6:28  Marauder  
  98  6:34  SCV  
  98  6:36  Command Center, Marine  
  98  6:39  Marine  
  90  7:03  Marine x2  
  90  7:04  Marauder, SCV, Marine  
  90  7:06  SCV, Widow Mine  
  97  7:15  Command Center  
  95  7:21  SCV, Widow Mine  
  94  7:29  Widow Mine  
  86  7:31  SCV, Marine  
  86  7:33  SCV  
  87  7:37  Marine  
  87  7:38  Marauder  
  87  7:39  Medivac  
  87  7:43  SCV  
  91  7:44  Viking  
  91  7:45  SCV  
  91  7:49  Barracks  
  91  7:50  Barracks  
  94  7:55  SCV  
  94  7:58  SCV, Marine  
  96  7:59  Marauder  
  96  8:03  Widow Mine  
  100  8:07  SCV, Refinery, Marine x2  
  100  8:10  SCV  
  104  8:16  Marine  
  104  8:19  SCV  
  104  8:20  Marauder  
  104  8:22  SCV  
  104  8:25  Marine x2  
  109  8:27  Widow Mine  
  109  8:33  Marine  
  110  8:36  SCV  
  110  8:37  Marine  
  110  8:41  Marine  
  106  8:43  Marauder, Widow Mine, Marine  
  108  8:49  SCV x2  
  108  8:51  Marine  
  112  8:56  Barracks Tech Lab x2  
  112  8:57  Terran Infantry Armor Level 1  
  112  8:59  Marauder  
  112  9:01  Marine  
  114  9:04  Engineering Bay  
  114  9:05  Armory, Marauder  
  114  9:09  SCV x2  
  118  9:10  Sensor Tower  
  118  9:15  Orbital Command  
  118  9:20  Marine x3  
  118  9:21  Marauder x2  
  118  9:22  SCV x2  
  127  9:25  Widow Mine  
  127  9:26  Marine  
  127  9:29  Refinery  
  127  9:31  Refinery  
  130  9:34  SCV  
  130  9:38  Marine x2  
  133  9:47  Starport  
  133  9:51  Supply Depot x2  
  133  10:00  Supply Depot  
  133  10:01  Supply Depot  
  133  10:08  Marine  
  133  10:12  Viking x2, SCV, Marine x3  
  133  10:13  SCV, Marauder x2  
  146  10:18  Orbital Command  
  131  10:26  Marauder  
  103  10:29  Ghost Academy  
  103  10:31  Starport Tech Lab  
  103  10:33  Fusion Core, Marine x2  
  103  10:34  Marauder x2, SCV, Marine  
  103  10:35  SCV, Liberator x2  
  110  10:42  Viking, Command Center  
  112  10:45  SCV  
  112  10:46  SCV  
  112  10:47  Marine  
  112  10:48  Widow Mine  
  117  10:51  Marine x2  
  117  10:52  Marauder  
  117  10:55  Marine x2  
  129  10:58  Terran Infantry Weapons Level 2  
  129  11:00  Terran Infantry Armor Level 2  
  129  11:01  Barracks  
  129  11:02  Barracks  
  129  11:03  Barracks  
  129  11:05  Marine  
  129  11:07  Terran Ship Weapons Level 1  
  129  11:09  Marine x2  
  132  11:14  Ghost  
  132  11:15  Ghost  
  136  11:21  Ghost  
  136  11:23  Marine  
  139  11:27  Medivac  
  141  11:33  Marine  
  141  11:35  Medivac, Marine  
  145  11:40  Ghost  
  145  11:43  Marauder  
  145  11:44  Marine  
  150  11:48  Marine  
  150  11:49  Barracks Tech Lab x2  
  150  11:50  Marine x2  
  150  11:52  Marine  
  154  12:02  Ghost  
  154  12:04  Marauder  
  154  12:06  Marine  
  154  12:08  Missile Turret, Sensor Tower, Marine x2  
  159  12:09  Marauder  
  159  12:10  Marine  
  163  12:17  Viking x2, Marine x2  
  169  12:26  Marauder  
  171  12:32  Viking  
  171  12:33  Planetary Fortress, Marine x2  
  175  12:37  Marine x2  
  175  12:41  Marine  
  178  12:47  Viking  
  178  12:49  Liberator x2  
  136  13:26  Liberator  
  112  13:32  Liberator  
  108  13:38  Marauder x2, Marine x5  
  108  13:39  Marauder x2  
  121  13:45  Widow Mine x2  
  128  13:49  Command Center x2  
  131  13:55  Marine  
  131  13:56  Marauder, Marine x3  
  131  13:58  Refinery x2  
  131  14:00  Marauder  
  139  14:10  Marauder, Marine x2  
  139  14:13  Ghost, Marine  
  146  14:17  Ghost  
  146  14:19  Marine x2  
  146  14:20  Ghost  
  152  14:28  Marauder, Marine  
  155  14:31  Marine  
  155  14:32  Marauder  
  155  14:36  Marine  
  155  14:37  Marine  
Show
View Real Time Build Order
Export as new Build Order

Rob Protoss 

Build Orders: 1 Gate Expand, Oracle Opening, Chargelot Immortal 

Get SALT Encoding   

  12  0:00  Probe  
  13  0:12  Probe  
  14  0:18  Pylon  
  14  0:24  Probe  
  15  0:32  Probe  
  15  0:39  Gateway  
  15  0:41  Probe  
  17  0:51  Assimilator, Probe  
  18  1:03  Probe  
  19  1:15  Probe  
  20  1:25  Cybernetics Core  
  20  1:33  Nexus  
  20  1:39  Pylon  
  20  1:41  Probe  
  21  1:49  Assimilator  
  21  1:51  Adept  
  21  1:53  Probe  
  22  2:02  Warp Gate  
  22  2:05  Probe  
  25  2:12  Stalker  
  25  2:17  Probe  
  28  2:29  Probe  
  29  2:41  Probe  
  30  2:52  Probe  
  30  2:53  Probe  
  30  2:57  Stargate  
  32  3:01  Stalker  
  32  3:03  Probe  
  32  3:04  Probe  
  35  3:06  Shield Battery  
  35  3:11  Probe  
  36  3:12  Probe  
  36  3:19  Probe  
  38  3:20  Probe  
  40  3:27  Gateway  
  40  3:28  Gateway  
  40  3:30  Probe  
  40  3:31  Oracle  
  40  3:32  Probe  
  42  3:38  Robotics Facility  
  45  3:42  Probe  
  46  3:48  Pylon  
  46  4:01  Pylon  
  46  4:06  Probe x2  
  46  4:08  Twilight Council  
  48  4:15  Forge  
  48  4:25  Assimilator  
  48  4:29  Nexus  
  48  4:35  Probe  
  48  4:36  Probe  
  50  4:43  Blink  
  50  4:46  Stalker x2  
  53  4:59  Probe x2  
  54  5:06  Assimilator  
  54  5:09  Photon Cannon  
  54  5:10  Stalker  
  54  5:11  Probe x2  
  54  5:13  Stalker  
  60  5:15  Pylon  
  60  5:23  Probe x2  
  62  5:29  Pylon  
  62  5:31  Pylon  
  62  5:37  Immortal  
  62  5:41  Probe x2  
  62  5:42  Protoss Ground Weapons Level 1  
  68  5:50  Stalker x3  
  68  5:53  Probe  
  75  5:58  Shield Battery  
  75  6:00  Shield Battery  
  75  6:02  Probe x2  
  77  6:08  Probe  
  78  6:14  Probe  
  78  6:16  Probe  
  80  6:19  Immortal  
  80  6:20  Probe  
  85  6:28  Probe x2  
  87  6:34  Charge  
  87  6:35  Stalker  
  87  6:36  Stalker x2  
  93  6:53  Probe  
  93  6:54  Probe  
  93  7:00  Stalker x2  
  95  7:01  Stalker  
  95  7:03  Probe  
  95  7:05  Probe  
  95  7:06  Probe  
  100  7:11  Gateway  
  100  7:13  Gateway  
  100  7:16  Gateway  
  100  7:19  Gateway  
  88  7:25  Zealot x3  
  88  7:27  Immortal  
  82  7:30  Probe  
  82  7:31  Probe  
  84  7:43  Gateway  
  84  7:45  Assimilator  
  84  7:46  Gateway  
  84  7:47  Stalker x3  
  89  7:57  Protoss Ground Armor Level 1  
  77  8:06  Stalker x2  
  77  8:09  Stalker  
  77  8:10  Stalker x2  
  77  8:11  Stalker  
  77  8:12  Immortal  
  93  8:17  Pylon  
  93  8:19  Pylon, Templar Archives  
  93  8:20  Pylon  
  82  8:39  Zealot x5  
  76  8:54  Observer, Psionic Storm  
  76  8:59  Nexus  
  76  9:00  High Templar  
  76  9:02  High Templar  
  81  9:06  Probe  
  81  9:07  Probe  
  83  9:12  High Templar  
  85  9:23  Observer, Probe x2  
  85  9:24  Pylon  
  87  9:25  Observer  
  87  9:26  Pylon  
  87  9:31  High Templar  
  90  9:35  Probe  
  90  9:37  Probe  
  92  9:41  Pylon  
  92  9:48  Probe  
  92  9:50  Probe  
  92  9:51  Observer  
  95  9:54  Zealot x3  
  101  10:04  Robotics Bay  
  101  10:08  Forge  
  101  10:19  Zealot x4  
  79  10:32  Probe x3  
  82  10:39  Gateway, Robotics Facility  
  82  10:40  Robotics Facility  
  82  10:41  Assimilator  
  82  10:45  Assimilator  
  82  10:52  Probe x3  
  82  10:55  Observer, Shield Battery  
  85  10:58  Shield Battery  
  85  11:04  Stalker x3  
  91  11:11  Colossus x2  
  91  11:27  Extended Thermal Lance  
  103  11:39  Protoss Ground Armor Level 2  
  103  11:42  Protoss Ground Weapons Level 2  
  103  11:43  Photon Cannon  
  103  11:45  Shield Battery  
  103  11:48  Pylon  
  103  11:59  Nexus  
  103  12:06  Stalker  
  105  12:16  Observer  
  105  12:20  Stalker x4  
  113  12:28  Probe x3  
  116  12:31  Archon x2  
  116  12:33  High Templar x4  
  124  12:40  Probe x2  
  124  12:41  Zealot  
  108  13:01  Zealot  
  108  13:02  Zealot x4  
  112  13:07  Zealot x4  
  104  13:20  Archon  
  104  13:23  Zealot x3  
  90  13:32  Probe x2  
  90  13:33  Probe  
  81  13:38  High Templar  
  81  13:39  High Templar x5  
  93  13:44  Probe x2  
  93  13:45  Probe x2  
  97  14:02  Stalker x2  
  99  14:07  Robotics Facility  
  101  14:11  Robotics Facility  
  101  14:23  Probe  
  102  14:29  Stalker  
  102  14:30  Stalker  
  102  14:31  Stalker  
  108  14:35  Probe  
  108  14:44  Stalker x2  
  104  14:46  High Templar x2  
  104  14:48  High Templar  
  104  14:49  High Templar  
  104  14:50  Archon  
  105  14:53  Archon  
Tags
 
Add a new tag
Caveats
  • Supply blocks, unpowered buildings, or Contaminate may cause inaccurate times.
  • Supply counts are checked every 10 seconds.